 Dungeon Crawl Stone Soup version 0.29-a0-789-g7a8fcbc185 (webtiles) character file.

Game seed: 11483656829669394138

95 Sabo the Trooper (level 4, 0/40 HPs)
             Began as a Hill Orc Fighter on July 2, 2022.
             Was an Initiate of Gozag.
             Slain by an orc
             ... wielding a +0 trident
              (4 damage)
             ... on level 3 of the Dungeon.
             The game lasted 00:09:45 (2346 turns).

Sabo the Trooper (Hill Orc Fighter)                 Turns: 2346, Time: 00:09:45

Health: 0/40       AC: 11    Str: 20    XL:     4   Next: 65%
Magic:  4/4        EV:  7    Int:  8    God:    Gozag
Gold:   229        SH:  4    Dex: 10    Spells: 3/3 levels left

rFire   . . .      SeeInvis .   a - +0 war axe
rCold   . . .      Faith    .   c - +0 buckler
rNeg    . . .      Spirit   .   k - +0 chain mail
rPois   .          Reflect  .   (no helmet)
rElec   .          Harm     .   b - +0 cloak
rCorr   .          Rampage  .   e - +0 pair of gloves
Will    .....                   (no boots)
Stlth   ..........              (no amulet)
HPRegen 0.13/turn               (no ring)
MPRegen 0.09/turn               (no ring)

@: no status effects
A: no striking features
a: Renounce Religion, Potion Petition, Call Merchant, Bribe Branch


You were on level 3 of the Dungeon.
You worshipped Gozag.
Gozag was aware of your devotion.
You visited 1 branch of the dungeon, and saw 3 of its levels.

You collected 229 gold pieces.

Inventory:

Hand Weapons
 a - a +0 war axe (weapon)
 f - a +0 sling
Armour
 b - a +0 cloak (worn)
 c - a +0 buckler (worn)
 e - a +0 pair of gloves (worn)
 k - a +0 chain mail (worn)
Scrolls
 g - a scroll of fear
 j - a scroll of summoning {unknown}
 l - a scroll of acquirement {unknown}
 m - 2 scrolls of amnesia {unknown}
Potions
 d - a potion of might
 h - a potion of flight
 i - a potion of curing {unknown}


   Skills:
 + Level 4.2 Fighting
 + Level 4.2 Axes
 + Level 4.1 Armour
 + Level 0.3 Dodging
 + Level 3.7 Shields


You had 3 spell levels left.
You didn't know any spells.
Your spell library contained the following spells:

 Spells                   Type           Power      Damage    Failure   Level
 Summon Small Mammal      Summ           0%         N/A       99%         1
 Call Canine Familiar     Summ           0%         N/A       100%        3
 Frozen Ramparts          Ice            0%         1d2       100%        3
 Summon Guardian Golem    Hex/Summ       0%         N/A       100%        3
 Ice Form                 Ice/Tmut       0%         N/A       100%        4
 Summon Ice Beast         Ice/Summ       0%         N/A       100%        4


Dungeon Overview and Level Annotations

Branches:
Dungeon (3/15)

Altars:
Gozag


Message History

The orc hits you but does no damage.
The giant cockroach bites you but does no damage.
Your Axes skill increases to level 4!
You closely miss the orc.
The orc is severely wounded.
You hit the giant cockroach. You block the giant cockroach's attack.
The orc hits you but does no damage. x2
You hit the orc.
You kill the orc!
You slash the giant cockroach!
You kill the giant cockroach!
The orc is distracted by your dazzling golden aura.
Things that are here:
6 gold pieces; a +0 war axe of freezing; a +0 leather armour
Things that are here:
5 gold pieces; a +0 hand axe You now have 229 gold pieces (gained 5).
The orc shouts!
Things that are here:
5 gold pieces; a +0 hand axe The orc barely misses you.
The orc hits you from afar with a +0 trident.
* * * LOW HITPOINT WARNING * * *
Things that are here:
8 gold pieces; a +0 dagger; a +0 robe The orc barely misses you.
You block the orc's attack.
You hit the orc but do no damage. The orc hits you but does no damage.
You hit the orc.
The orc is severely wounded.
You block the orc's attack.
You closely miss the orc.
The orc is severely wounded.
The orc barely misses you. The orc hits you with a +0 trident.
* * * LOW HITPOINT WARNING * * *
You hit the orc but do no damage.
The orc is severely wounded.
The orc hits you with a +0 trident.
You die...
Your body crumbles into a pile of gold.

$ #!...^. .. .......## .#
...?....###.# .#
............#### .#
...............####.# ##
.......$### #......## ...
.......$.$# ##.......##...
........#.###.............
.......##@o...........#
#)..... #####.........#
#####># #.........# #.
#.........# .. #.........#
≈≈≈ #.........# ≈≈
#.........# #...<.....#
#.........#


You could see an orc.

Vanquished Creatures
  An orc wizard (D:3)
  2 worms (D:2)
  A dart slug (D:2)
  2 orcs (D:3)
  6 endoplasms
  2 giant cockroaches
  4 goblins
  6 hobgoblins
  8 jackals
  2 quokkas (D:1)
  3 ball pythons
  4 bats
  4 frilled lizards
  3 kobolds (D:1)
  5 rats
  A spectral hobgoblin (D:1)
54 creatures vanquished.

Vanquished Creatures (others)
  3 plants (D:1)
3 creatures vanquished.

Grand Total: 57 creatures vanquished

Notes
Turn   | Place    | Note
-------+----------+-------------------------------------------
     0 | D:1      | Sabo the Hill Orc Fighter began the quest for the Orb.
     0 | D:1      | Reached XP level 1. HP: 19/19 MP: 1/1
   242 | D:1      | Reached XP level 2. HP: 27/27 MP: 2/2
   577 | D:1      | Reached XP level 3. HP: 32/33 MP: 3/3
  1178 | D:1      | Found a faded altar of an unknown god.
  1186 | D:1      | Prayed at the altar of an unknown god.
  1186 | D:1      | Became a worshipper of Gozag Ym Sagoz the Greedy
  1992 | D:2      | Reached XP level 4. HP: 37/40 MP: 4/4
  2346 | D:3      | Slain by an orc

Illustrated notes

Levels and vault maps discovered:
D:1:      minmay_arrival_open_corners, layout_loops_ring,
          dreamdust_ecumenical_altar_drowned_temple, serial_bayou_pond_c,
          hex_medium
D:2:      layout_basic
D:3:      lemuel_castle_with_subvaults [lemuel_castle_interior_original],
          layout_rooms, serial_shops, nicolae_lakefront_shop, uniq_terence,
          uniq_jessica

Skill      XL: |  1  2  3  4 |
---------------+-------------+-----
Axes           | 3 4 |  4.2
Fighting       | 4 |  4.2
Armour         | 4 |  4.1
Dodging        | |  0.3
Shields        | |  3.7

Action                   |  1- 3 |  4- 6 || total
-------------------------+-------+-------++-------
Melee: War axe           |   127 |    21 ||   148
  Use: Scroll            |     3 |       ||     3
Armor: Scale mail        |    45 |       ||    45
       Chain mail        |    21 |    24 ||    45
Dodge: Dodged            |    48 |    22 ||    70
Block: Buckler           |    31 |    12 ||    43

Table legend: (Time is in decaauts)
 A = Elapsed time spent in this place.
 B = Non-inter-level travel time spent in this place.
 C = Inter-level travel time spent in this place.
 D = Time resting spent in this place.
 E = Time spent auto-exploring this place.
 F = Levels seen in this place.
 G = Mean time per level.
                   A        B        C        D        E       F      G
               +--------+--------+--------+--------+--------+-----+--------+
         Total |   2421 |   2421 |      0 |    293 |      0 |   3 |  807.0 |
       Dungeon |   2421 |   2421 |      0 |    293 |      0 |   3 |  807.0 |
               +--------+--------+--------+--------+--------+-----+--------+

Top non-repeatable levels by time:
     D:1: 1349 daAuts
     D:2: 997 daAuts
     D:3: 75 daAuts
